 Dungeon Crawl Stone Soup version 0.26-a0-682-g294304f6e8 (webtiles) character file.

Game seed: 6986207604754614287

32023 Decritt the Cleaver (level 13, -9/117 (118) HPs)
             Began as a Minotaur Fighter on Oct 21, 2020.
             Was the Champion of Okawaru.
             Mangled by a sun demon (10 damage)
             ... summoned by an orc sorcerer
             ... on level 1 of the Orcish Mines.
             The game lasted 00:39:40 (15299 turns).

Decritt the Cleaver (Minotaur Fighter)             Turns: 15299, Time: 00:39:41

HP:   -9/117 (118)  AC: 22    Str: 26      XL:     13   Next: 29%
MP:   0/16          EV: 11    Int:  3 (5)  God:    Okawaru [******]
Gold: 764           SH: 15    Dex: 16      Spells: 12/12 levels left

rFire    . . .     SeeInvis .   w - +4 broad axe (elec)
rCold    . . .     Faith    .   c - +0 kite shield
rNeg     . . .     Spirit   +   J - +3 chain mail {rPois}
rPois    +         Reflect  .   (helmet restricted)
rElec    .         Harm     .   C - +0 cloak
rCorr    +         Rampage  .   y - +0 pair of gloves
MR       .....                  b - +0 pair of boots
Stlth    ..........             l - amulet of guardian spirit
HPRegen  0.29/turn              B - ring of Baeniov {rCorr Slay+4}
MPRegen  0.15/turn              D - +6 ring of dexterity

@: liquid flames, heroism, glowing, heavily drained
A: retaliatory headbutt, horns 2, deterioration 1
a: Heroism, Finesse, Renounce Religion


You were on level 1 of the Orcish Mines.
You worshipped Okawaru.
Okawaru was exalted by your worship.
You visited 3 branches of the dungeon, and saw 15 of its levels.
You also visited: Gauntlet.

You collected 764 gold pieces.

Inventory:

Hand Weapons
 j - the +1 executioner's axe "Miluexil" {elec, rElec MR+ Dex+3 SInv}
   (Okawaru gifted it to you on level 11 of the Dungeon)

   Occasionally, upon striking a foe, it will discharge some electrical energy
   and cause terrible harm.
   It affects your dexterity (+3).
   It insulates you from electricity.
   It affects your resistance to hostile enchantments.
   It lets you see invisible.
 w - a +4 broad axe of electrocution (weapon)
 M - a +4 hand axe of flaming
Missiles
 G - 4 javelins (quivered)
Armour
 b - a +0 pair of boots (worn)
 c - a +0 kite shield (worn)
 y - a +0 pair of gloves (worn)
 C - a +0 cloak (worn)
 J - a +3 chain mail of poison resistance (worn)
Jewellery
 l - an amulet of guardian spirit (around neck)
 q - an uncursed ring of resist corrosion
 A - an uncursed ring of protection from cold
 B - the ring of Baeniov (left hand) {rCorr Slay+4}
   (You found it in a Gauntlet)

   [ring of resist corrosion]

   It affects your accuracy and damage with ranged weapons and melee attacks
   (+4).
   It provides partial protection from all sources of acid and corrosion.
 D - a +6 ring of dexterity (right hand)
 F - an uncursed ring of positive energy
 K - an uncursed ring of see invisible
Wands
 a - a wand of digging (7)
 u - a wand of flame (32)
 L - a wand of iceblast (6)
Scrolls
 f - a scroll of blinking {unknown}
 g - a scroll of noise {unknown}
 h - 3 scrolls of immolation
 i - 3 scrolls of enchant armour
 m - 5 scrolls of fog
 n - 6 scrolls of remove curse
 o - 2 scrolls of magic mapping {unknown}
 p - a scroll of torment {unknown}
 s - a scroll of fear {unknown}
 v - 4 scrolls of teleportation
 E - a scroll of random uselessness {unknown}
Potions
 d - 2 potions of might
 e - 2 potions of curing
 k - 3 potions of resistance
 r - a potion of degeneration {unknown}
 t - 5 potions of heal wounds
 x - 2 potions of cancellation
 z - 2 potions of ambrosia
 H - 2 potions of berserk rage
 I - a potion of flight


   Skills:
 + Level 12.0(15.2) Fighting
 + Level 13.9(17.1) Axes
 * Level 13.5(16.7) Armour
 * Level 13.5(16.7) Shields
 - Level 6.0(4.6) Invocations


You had 12 spell levels left.
You didn't know any spells.
Your spell library contained the following spells:

 Spells                   Type           Power        Failure   Level
 Magic Dart               Conj           #...         91%         1
 Shock                    Conj/Air       #...         91%         1
 Sting                    Tmut/Pois      #...         91%         1
 Poisonous Vapours        Pois/Air       #.....       97%         2
 Swiftness                Air            #.......     97%         2
 Confusing Touch          Hex            #.......     100%        3
 Gell's Gravitas          Tloc           #.........   100%        3
 Ignite Poison            Fire/Tmut/Pois #.......     100%        3
 Mephitic Cloud           Conj/Pois/Air  #.......     100%        3
 Static Discharge         Conj/Air       #.......     100%        3
 Airstrike                Air            #.........   100%        4
 Olgreb's Toxic Radiance  Pois           #.......     100%        4
 Petrify                  Tmut/Erth      #.......     100%        4
 Lightning Bolt           Conj/Air       #.........   100%        5
 Metabolic Englaciation   Hex/Ice        #.........   100%        5
 Yara's Violent Unravell  Hex/Tmut       #.........   100%        5


Dungeon Overview and Level Annotations

Branches:
Dungeon (13/15)            Temple (1/1) D:5            Lair (0/6) D:11
    Orc (1/2) D:11         Vaults (0/5) D:13        Gauntlet (visited)

Altars:
Ashenzari
Dithmenos
Kikubaaqudgha
Makhleb
Okawaru
Qazlal
Ru
Sif Muna
Trog
Uskayaw
Vehumet
Wu Jian
Xom

Shops:
D:4 ?   D:10 [


Innate Abilities, Weirdness & Mutations

You reflexively headbutt those who attack you in melee.
You have a pair of horns on your head.
Your body sometimes deteriorates upon taking damage.


Message History

You are covered in liquid flames!
* * * LOW HITPOINT WARNING * * *
The sun demon hits you.
* * * LOW HITPOINT WARNING * * *
You are engulfed in flames!
* * * LOW HITPOINT WARNING * * *
Your body deteriorates!
You feel dopey. You block the smoke demon's attack. x3
You don't have enough magic at the moment.
You closely miss the orc sorcerer. Your headbutt misses the orc sorcerer.
The orc sorcerer is severely wounded.
Your chain mail prevents you from hitting the sun demon.
You slash the smoke demon!
You kill the smoke demon!
You are covered in liquid flames!
* * * LOW HITPOINT WARNING * * *
The sun demon hits you!!
* * * LOW HITPOINT WARNING * * *
You are engulfed in flames!
You die...

#.... ##
####......
##.##.#.......
.##.............
...........#....
................
.........#....#.
#$....[<).......
#...$.[)@3......
#....[).o.......
.(..............
#.............(.
.(..#...>......#
.(........$.....
(...##.(.#.(..(.
.. ##.###..#..


You could see a sun demon (summoned) and an orc sorcerer.

Vanquished Creatures
  A minotaur (Gauntlet)
  A boulder beetle (D:11)
  A centaur warrior (D:13)
  Erolcha (D:13)
  Harold (D:7)
  2 dancing weapons (D:13)
  4 two-headed ogres
  A tengu warrior (D:12)
  A queen ant (D:11)
  A soul eater (Gauntlet)
  2 unseen horrors (D:13)
  A cyclops (D:11)
  2 ugly things (D:13)
  3 manticores
  Joseph (D:7)
  Maurice (D:9)
  An efreet (D:13)
  A yaktaur (D:12)
  A tengu conjurer (D:12)
  A tyrant leech (Gauntlet)
  4 trolls
  A raiju (Gauntlet)
  Sigmund (D:6)
  A wraith (D:12)
  25 yaks
  Eustachio (D:6)
  2 steam dragons (Gauntlet)
  3 vampire mosquitoes (D:13)
  Menkaure (D:4)
  2 wargs (Orc:1)
  4 swamp worms (Gauntlet)
  6 soldier ants
  2 water moccasins
  5 sky beasts
  2 black bears (D:13)
  3 ice beasts
  9 orc warriors
  A hornet zombie (D:10)
  An eye of draining (D:9)
  2 necrophages
  9 ogres
  3 phantoms
  14 centaurs
  2 big kobolds
  4 bullfrogs
  A wyvern skeleton (D:11)
  6 scorpions
  16 killer bees (D:11)
  25 wights
  A howler monkey (D:12)
  6 centaur zombies
  2 quasits (D:9)
  2 bullfrog zombies
  A gnoll shaman (D:6)
  8 hounds
  3 jellies
  9 orc wizards
  Crazy Yiuf (D:5)
  7 orc priests
  A centaur skeleton (D:7)
  3 bullfrog skeletons
  4 iguanas
  25 worker ants
  A hound skeleton (D:8)
  9 gnolls
  22 adders
  5 shadow imps
  2 white imps
  An ufetubus (D:5)
  2 oozes
  4 adder skeletons
  A worm (D:3)
  A dart slug (D:1)
  3 leopard geckos
  63 orcs
  5 bats
  A giant cockroach (D:5)
  7 goblins
  10 hobgoblins
  18 jackals
  4 quokkas
  3 ball pythons
  2 frilled lizards (D:1)
  19 kobolds
  7 rats
447 creatures vanquished.

Vanquished Creatures (others)
  3 fungi (Gauntlet)
  19 plants (Gauntlet)
22 creatures vanquished.

Grand Total: 469 creatures vanquished

Notes
Turn   | Place    | Note
-------+----------+-------------------------------------------
     0 | D:1      | Decritt the Minotaur Fighter began the quest for the Orb.
     0 | D:1      | Reached XP level 1. HP: 19/19 MP: 0/0
   235 | D:1      | Reached XP level 2. HP: 27/27 MP: 1/1
   782 | D:2      | Reached XP level 3. HP: 26/33 MP: 2/2
  1102 | D:2      | Found a hide-covered altar of Uskayaw.
  1105 | D:2      | Reached XP level 4. HP: 40/40 MP: 3/3
  1450 | D:2      | Found an ornate altar of the Wu Jian Council.
  1518 | D:2      | Reached XP level 5. HP: 47/47 MP: 4/4
  1934 | D:3      | Reached skill level 5 in Axes
  2497 | D:4      | Noticed Menkaure
  2510 | D:4      | Killed Menkaure
  2510 | D:4      | Reached skill level 5 in Fighting
  2510 | D:4      | Reached skill level 5 in Armour
  2510 | D:4      | Reached skill level 5 in Shields
  2510 | D:4      | Reached XP level 6. HP: 24/56 MP: 1/5
  2966 | D:4      | Reached XP level 7. HP: 61/61 MP: 6/6
  3128 | D:4      | Found a radiant altar of Vehumet.
  3494 | D:4      | Found Cuir's Magic Scroll Shoppe.
  3756 | D:4      | Found an ancient bone altar of Kikubaaqudgha.
  3760 | D:4      | Found a shimmering blue altar of Sif Muna.
  3767 | D:4      | Identified Vehumet's Reference Book on Attacks
  3806 | D:5      | Entered Level 5 of the Dungeon
  3949 | D:5      | Found a broken altar of Ashenzari.
  4356 | D:5      | Found a runed translucent door.
  4357 | D:5      | Noticed Crazy Yiuf
  4412 | D:5      | Killed Crazy Yiuf
  4412 | D:5      | Reached XP level 8. HP: 70/70 MP: 7/7
  4681 | D:5      | Found a staircase to the Ecumenical Temple.
  4699 | Temple   | Entered the Ecumenical Temple
  4718 | Temple   | Became a worshipper of Warmaster Okawaru
  5037 | D:6      | Noticed Eustachio
  5050 | D:6      | Killed Eustachio
  5073 | D:6      | Noticed Sigmund
  5085 | D:6      | Killed Sigmund
  5085 | D:6      | Reached * piety under Okawaru
  5433 | D:7      | Noticed Harold
  5438 | D:7      | Reached XP level 9. HP: 79/79 MP: 8/8
  5454 | D:7      | Killed Harold
  5454 | D:7      | Reached ** piety under Okawaru
  5454 | D:7      | Reached skill level 10 in Axes
  5605 | D:7      | You fall into a shaft and drop 1 floor!
  5923 | D:7      | Noticed Joseph
  5933 | D:7      | Killed Joseph
  6846 | D:8      | Reached *** piety under Okawaru
  7109 | D:8      | Reached XP level 10. HP: 81/90 MP: 9/9
  7167 | D:9      | Noticed a two-headed ogre
  7172 | D:9      | Killed a two-headed ogre
  7346 | D:9      | Noticed a two-headed ogre
  7354 | D:9      | Killed a two-headed ogre
  7630 | D:9      | Reached skill level 1 in Invocations
  7830 | D:9      | Reached **** piety under Okawaru
  8028 | D:9      | Got a crude war axe
  8028 | D:9      | Identified the cursed +1 war axe of Zaxuff {drain, *Contam
                  | rC+ MR+} (You found it on level 9 of the Dungeon)
  8208 | D:9      | Noticed Maurice
  8228 | D:9      | Killed Maurice
  8235 | D:9      | Found a sacrificial altar of Ru.
  8384 | D:10     | Entered Level 10 of the Dungeon
  8796 | D:10     | Found Heucoleh's Armour Emporium.
  8869 | D:10     | Noticed a two-headed ogre
  8875 | D:10     | Reached XP level 11. HP: 92/98 MP: 10/12
  8882 | D:10     | Killed a two-headed ogre
  8882 | D:10     | Reached ***** piety under Okawaru
  9223 | D:10     | Reached skill level 10 in Shields
  9473 | D:11     | Reached skill level 10 in Fighting
  9485 | D:11     | Reached skill level 10 in Armour
  9759 | D:11     | Reached skill level 5 in Invocations
  9983 | D:11     | Found a staircase to the Lair.
 10120 | D:11     | Noticed a queen ant
 10129 | D:11     | Killed a queen ant
 10296 | D:11     | Received a gift from Okawaru
 10297 | D:11     | Got a smouldering executioner's axe {god gift}
 10313 | D:11     | Identified the +1 executioner's axe "Miluexil" {elec, rElec
                  | MR+ Dex+3 SInv} (Okawaru gifted it to you on level 11 of
                  | the Dungeon)
 10331 | D:11     | Gained mutation: Your body sometimes deteriorates upon
                  | taking damage. [mutagenic glow]
 10392 | D:11     | Noticed a boulder beetle
 10407 | D:11     | Killed a boulder beetle
 11028 | D:11     | Found a staircase to the Orcish Mines.
 11095 | D:11     | Reached XP level 12. HP: 107/107 MP: 15/15
 11387 | D:12     | Found a gate leading to a gauntlet.
 11391 | D:12     | Noticed a tengu warrior
 11413 | D:12     | Killed a tengu warrior
 11450 | D:12     | Noticed a two-headed ogre
 11452 | Gauntlet | Entered a Gauntlet
 11452 | Gauntlet | Found a transporter.
 11452 | Gauntlet | Found a transporter.
 11754 | Gauntlet | Found a transporter.
 11759 | Gauntlet | Found a transporter.
 11759 | Gauntlet | Found a transporter.
 11759 | Gauntlet | Found a transporter.
 11772 | Gauntlet | Found a transporter.
 11773 | Gauntlet | Found a transporter.
 11776 | Gauntlet | Found a transporter.
 11777 | Gauntlet | Found a transporter.
 11783 | Gauntlet | Noticed a hell beast
 11787 | Gauntlet | Found a transporter.
 11790 | Gauntlet | Found the +3 warlock's mirror {reflect}
 11791 | Gauntlet | Found a transporter.
 11889 | Gauntlet | Reached ****** piety under Okawaru
 11942 | Gauntlet | Received a gift from Okawaru
 12331 | Gauntlet | Got a pitted tin ring
 12339 | Gauntlet | Identified the ring of Baeniov {rCorr Slay+4} (You found it
                  | in a Gauntlet)
 12457 | Gauntlet | Noticed a minotaur
 12469 | Gauntlet | Killed a minotaur
 12658 | D:12     | Killed a two-headed ogre
 13725 | D:13     | Noticed Erolcha
 13735 | D:13     | Killed Erolcha
 14038 | D:13     | Received a gift from Okawaru
 14078 | D:13     | Found a gate to the Vaults.
 14135 | D:13     | Noticed a centaur warrior
 14140 | D:13     | Reached XP level 13. HP: 112/116 MP: 16/16
 15001 | Orc:1    | Entered Level 1 of the Orcish Mines
 15299 | Orc:1    | HP: 1/117 [sun demon[an orc sorcerer] (17)]
 15299 | Orc:1    | Mangled by a sun demon

Illustrated notes

Levels and vault maps discovered:
D:1:      psy_arrival_spokes, layout_loops_ring, chequers_hall_statues_wall_a,
          grunt_decor_mini_mirrors
D:2:      layout_loops_ring, lemuel_crystal_altar, overflow_temple_1_default
D:3:      layout_rooms
D:4:      lemuel_upstairs_altar, layout_basic,
          grunt_temple_overflow_magic_moments, serial_shops, shop, uniq_menkaure
D:5:      layout_basic, minmay_temple_entry_drinking_statues, basic_altar,
          uniq_crazy_yiuf_cottage
D:6:      layout_cave_pools, uniq_sigmund, uniq_eustachio
D:7:      layout_rooms, serial_bayou_pond_d, grunt_ministairs_10, uniq_joseph,
          uniq_harold
D:8:      layout_basic, lightli_ossuary_entry_decrepit_ruins,
          lemuel_flamethrower_1
D:9:      layout_basic, hangedman_ru_absence, uniq_maurice
D:10:     layout_long_grid, serial_shops, nicolae_shop_waterfront
D:11:     layout_roguey, lair_entry_dummy, hiddenorc1_lemuel,
          minmay_another_anthill
D:12:     layout_layer_cave, gauntlet_entry_generic, kb_tengu_band
D:13:     layout_long_grid, erik_vaults_1, uniq_erolcha
Temple:   compressed_dpeg_circular_temple
Orc:1:    layout_caves, serial_shops, shop

Skill      XL: |  1  2  3  4  5  6  7  8  9 10 11 12 13 |
---------------+----------------------------------------+-----
Axes           | 3 4 5 6 7 9 11 12 13 | 13.9
Fighting       | 4 5 6 7 8 9 10 11 12 | 12.0
Armour         | 4 5 6 7 8 9 11 13 | 13.5
Shields        | 4 5 6 7 8 9 11 13 | 13.5
Invocations    | 3 6 |  6.0

Action                   |  1- 3 |  4- 6 |  7- 9 | 10-12 | 13-15 || total
-------------------------+-------+-------+-------+-------+-------++-------
Melee: War axe           |    51 |   138 |   259 |   480 |       ||   928
       Headbutt          |     5 |    19 |    51 |   156 |    12 ||   243
       Broad axe         |       |       |       |    69 |    62 ||   131
Throw: Dart              |       |    83 |    59 |       |       ||   142
       Javelin           |       |       |       |    60 |    55 ||   115
Invok: Heroism           |       |       |       |     4 |     2 ||     6
       Finesse           |       |       |       |     1 |     1 ||     2
  Use: Scroll            |       |     2 |     9 |    10 |       ||    21
Armor: Scale mail        |    11 |       |       |       |       ||    11
       Plate armour      |    19 |    82 |   132 |   235 |       ||   468
       Chain mail        |       |       |       |    22 |    81 ||   103
Dodge: Dodged            |    10 |    29 |    51 |   130 |    31 ||   251
Block: Kite shield       |    19 |    71 |   121 |   344 |    74 ||   629

Table legend: (Time is in decaauts)
 A = Elapsed time spent in this place.
 B = Non-inter-level travel time spent in this place.
 C = Inter-level travel time spent in this place.
 D = Time resting spent in this place.
 E = Time spent auto-exploring this place.
 F = Levels seen in this place.
 G = Mean time per level.
                   A        B        C        D        E       F      G
               +--------+--------+--------+--------+--------+-----+--------+
         Total |  15398 |  15119 |    279 |   1168 |  11135 |  16 |  962.4 |
       Dungeon |  14128 |  13849 |    279 |    379 |  11121 |  13 | 1086.8 |
        Temple |     33 |     33 |      0 |      0 |     14 |   1 |   33.0 |
  Orcish Mines |     51 |     51 |      0 |      0 |      0 |   1 |   51.0 |
      Gauntlet |   1185 |   1185 |      0 |    789 |      0 |   1 | 1185.0 |
               +--------+--------+--------+--------+--------+-----+--------+

Top non-repeatable levels by time:
    D:11: 2053 daAuts
     D:4: 1427 daAuts
    D:12: 1330 daAuts
    D:13: 1241 daAuts
     D:9: 1212 daAuts
Gauntlet: 1185 daAuts
     D:8: 1075 daAuts
     D:2: 1055 daAuts
    D:10: 1053 daAuts
     D:5: 957 daAuts
     D:1: 792 daAuts
     D:7: 690 daAuts
     D:6: 623 daAuts
     D:3: 615 daAuts
   Orc:1: 51 daAuts
